 Dungeon Crawl Stone Soup version 0.17-a0-1572-g7a1422d (webtiles) character file.

227 karlkraus the Covered (level 5, -7/47 HPs)
             Began as a Minotaur Fighter on July 25, 2015.
             Mangled by an ogre
             ... wielding a +0 giant club
              (19 damage)
             ... on level 4 of the Dungeon.
             The game lasted 00:05:57 (2381 turns).

karlkraus the Covered (Minotaur Fighter)            Turns: 2381, Time: 00:05:57

Health: -7/47      AC:  8    Str: 21    XL:     5   Next: 70%
Magic:  4/4        EV:  8    Int:  5    God:
Gold:   204        SH:  9    Dex: 10    Spells: 0 memorised, 4 levels left

rFire  . . .     SeeInvis .     r - +1 flail (venom)
rCold  . . .     Clarity  .     b - +0 scale mail
rNeg   . . .     SustAt   .     c - +0 shield
rPois  .         Gourm    .     (helmet restricted)
rElec  .         Spirit   .     d - +0 cloak
rCorr  .         Warding  .     (no gloves)
rMut   .         Stasis   .     (no boots)
MR     .....                    (no amulet)
Stlth  ..........               (no ring)
                                s - +1 ring of slaying

@: not resistant to hostile enchantments, extremely unstealthy
A: retaliatory headbutt, horns 2
a: no special abilities


You were on level 4 of the Dungeon.
You were not hungry.

You visited 1 branch of the dungeon, and saw 4 of its levels.

You collected 204 gold pieces.

Inventory:

Hand weapons
 r - a +1 flail of venom (weapon)
Armour
 b - a +0 scale mail (worn)
 c - a +0 shield (worn)
 d - a +0 cloak (worn)
Jewellery
 s - a +1 ring of slaying (left hand)
Scrolls
 g - 4 scrolls of identify {unknown}
 i - 2 scrolls of immolation {unknown}
 j - 3 scrolls of enchant armour {unknown}
 m - a scroll of fear {unknown}
 p - a scroll of teleportation {unknown}
Potions
 f - a potion of agility {unknown}
 h - 3 potions of heal wounds {unknown}
 k - 2 potions of curing {unknown}
 l - a potion of might
 n - a potion of brilliance {unknown}
 q - a potion of cancellation {unknown}
 t - a potion of berserk rage {unknown}
Comestibles
 a - 3 fruits
 e - 2 bread rations
 o - a beef jerky


   Skills:
 + Level 4.7 Fighting
 + Level 3.5 Maces & Flails
 + Level 5.2 Armour
 + Level 1.9 Dodging
 + Level 0.3 Stealth
 + Level 4.7 Shields


You had 4 spell levels left.
You didn't know any spells.

Dungeon Overview and Level Annotations

Branches:
Dungeon (4/15)
 Temple: D:4-7

Altars:
Kikubaaqudgha
Nemelex Xobeh
Qazlal
Ru


Innate Abilities, Weirdness & Mutations

You reflexively headbutt those who attack you in melee.
You have a pair of horns on your head.


Message History

You miss something. Your headbutt misses something.
Something hits you but does no damage. x3
You closely miss something. Something hits you but does no damage.
Something hits you but does no damage.
Your shield and scale mail prevent you from hitting something.
Something hits you but does no damage.
You barely miss something. You headbutt something.
Something hits you but does no damage.
You hear some strange, mumbled words.
A puff of flame appears from out of thin air!
The puff of flame hits you!
* * * LOW HITPOINT WARNING * * *
You closely miss something. Your headbutt misses something.
Reactivating autopickup.
You feel a bit more experienced. The ogre barely misses you.
You furiously retaliate!
You headbutt the ogre! You hit the ogre.
The ogre is heavily wounded.
The ogre hits you with a giant club!!
You die...

#.# #.# ########### #.#
#.........# #.# ..........#
#.# #.######..# #.# #.#
####..####.# #.#
#..........# #@#
#.##>.###### #O# #.##..#
########K# #.##..# ##
#..o..##K###.##..#
...######.#..K.Koo.......#
....o(.(..o....KK...........
......(...K.Ko..............
.≈≈.≈≈≈≈≈.≈...≈...≈.≈..≈≈..≈
.≈≈≈≈≈≈≈≈≈≈≈≈≈≈≈≈≈≈≈≈≈≈≈≈≈≈≈


You could see an ogre, 2 orcs and 5 kobolds.

Vanquished Creatures
  An orc wizard (D:4)
  Crazy Yiuf (D:2)
  A giant frog skeleton (D:4)
  4 gnolls
  3 adders
  2 worms
  2 giant geckos (D:2)
  5 orcs (D:3)
  7 hobgoblins
  2 jackals (D:2)
  7 kobolds
  3 quokkas
  3 ball pythons
  7 bats
  3 giant cockroaches (D:2)
  4 giant newts (D:1)
  6 goblins
  9 rats
70 creatures vanquished.

Vanquished Creatures (others)
  A giant newt (D:2)
1 creature vanquished.

Grand Total: 71 creatures vanquished

Notes
Turn   | Place    | Note
--------------------------------------------------------------
     0 | D:1      | karlkraus the Minotaur Fighter began the quest for the Orb.
     0 | D:1      | Reached XP level 1. HP: 19/19 MP: 0/0
    31 | D:1      | Reached skill level 4 in Armour
    31 | D:1      | Reached XP level 2. HP: 22/27 MP: 1/1
    52 | D:1      | Found a sparkling altar of Nemelex Xobeh.
    52 | D:1      | Found an ancient bone altar of Kikubaaqudgha.
   425 | D:1      | Reached XP level 3. HP: 33/33 MP: 2/2
   843 | D:2      | Noticed Crazy Yiuf
   847 | D:2      | Killed Crazy Yiuf
   847 | D:2      | Reached skill level 1 in Dodging
   847 | D:2      | Reached XP level 4. HP: 35/40 MP: 0/3
   947 | D:2      | Found a stormy altar of Qazlal.
   976 | D:2      | Found a sacrificial altar of Ru.
  1549 | D:3      | Reached skill level 5 in Armour
  1795 | D:4      | Reached XP level 5. HP: 26/47 MP: 4/4
  2350 | D:4      | Noticed an ogre
  2381 | D:4      | Mangled by an ogre

Vault maps used:
D:1:      erik_arrival_cave_to_civilisation
D:2:      nicolae_ru_awakened_eye, nicolae_qazlal_eye_of_the_storm,
          uniq_crazy_yiuf_cottage
D:4:      minmay_goblin_kobold_castle

Action                   |  1- 3 |  4- 6 || total
-------------------------+-------+-------++-------
Melee: Flail             |   103 |    16 ||   119
       Hammer            |       |    68 ||    68
  Use: Potion            |     1 |       ||     1
  Eat: Meat ration       |       |     1 ||     1
